MLB
CLEVELAND INDIANS @ BOSTON RED SOX
08/23/2018
 
TOP OF THE 1ST
Cleveland Indians batting - Pitching for Boston Red Sox : RHP Noah Syndergaard
Pitching: RHP Noah Syndergaard
Batting: LHB Jacoby Ellsbury 0-0: Ball
1-0: Called Strike
1-1: Ground out 1-3 (Groundball, 13S)
Batting: LHB Matt Carpenter 0-0: Ball
Error on foul ball, E9
1-1: Swinging Strike
1-2: SINGLE (Line Drive, 34D)
Batting: SHB Jose Ramirez 0-0: Called Strike
0-1: DOUBLE (Line Drive, 8LXD)
Matt Carpenter to third
Runner from 3rd tries for Home, SAFE, throw by CF to home
Batting: LHB Eric Hosmer 0-0: Called Strike
0-1: Ball
1-1: Swinging Strike
1-2: Ball
2-2: Fly out, F6 (Popup, 6M)
Batting: LHB Matt Joyce 0-0: Ball
1-0: Swinging Strike
1-1: Ball
2-1: Foul Ball, location: 2F
2-2: Ball
3-2: Strikes out swinging
Top of the 1st over - 1 run, 2 hits, 1 error, 1 left on base; Cleveland 1 - Boston 0
BOTTOM OF THE 1ST
Boston Red Sox batting - Pitching for Cleveland Indians : LHP Drew Pomeranz
Pitching: LHP Drew Pomeranz
Batting: RHB Eduardo Nunez 0-0: Swinging Strike
0-1: Bunt for hit to 13 - play at first, batter OUT! 1-3
Batting: LHB Derek Dietrich 0-0: Ball
1-0: Ball
2-0: Ground out 5-3 (Groundball, 6)
Batting: RHB Yasiel Puig 0-0: Ball
1-0: Foul Ball, location: 2F
1-1: Ball
2-1: Ball
3-1: Base on Balls
Batting: RHB Travis d'Arnaud 0-0: Ball
1-0: Foul Ball, location: 2F
1-1: 2-RUN HOME RUN (Flyball, 9D), Distance : 406 ft
Batting: SHB Yangervis Solarte 0-0: Foul Ball, location: 2F
0-1: SINGLE (Flyball, 9S)
Batting: RHB Cesar Puello 0-0: Called Strike
0-1: Called Strike
0-2: Ball
1-2: Foul Ball, location: 2F
1-2: Ball
2-2: Ball
3-2: Strikes out swinging
Bottom of the 1st over - 2 runs, 2 hits, 0 errors, 1 left on base; Cleveland 1 - Boston 2
TOP OF THE 2ND
Cleveland Indians batting - Pitching for Boston Red Sox : RHP Noah Syndergaard
Batting: RHB Steven Souza Jr. 0-0: Ball
1-0: Ground out 6-3 (Groundball, 6)
Batting: LHB Christian Yelich 0-0: Called Strike
0-1: Foul Ball, location: 2F
0-2: Ground out 6-3 (Groundball, 6M)
Batting: LHB Brian McCann 0-0: Ball
1-0: Ball
2-0: Called Strike
2-1: Ball
3-1: Foul Ball, location: 2F
3-2: Strikes out swinging
Top of the 2nd over - 0 runs, 0 hits, 0 errors, 0 left on base; Cleveland 1 - Boston 2
BOTTOM OF THE 2ND
Boston Red Sox batting - Pitching for Cleveland Indians : LHP Drew Pomeranz
Batting: LHB Matt Adams 0-0: Called Strike
0-1: Ground out 6-3 (Groundball, 4)
Batting: LHB Brock Holt 0-0: Ball
1-0: Foul Ball, location: 2F
1-1: Called Strike
1-2: Foul Ball, location: 2F
1-2: Ball
2-2: Ball
3-2: Ground out 5-3 (Groundball, 56)
Batting: LHB Jackie Bradley Jr. 0-0: Swinging Strike
0-1: Swinging Strike
0-2: Foul Ball, location: 2F
0-2: Ball
1-2: Ball
2-2: Foul Ball, location: 2F
2-2: Strikes out swinging
Bottom of the 2nd over - 0 runs, 0 hits, 0 errors, 0 left on base; Cleveland 1 - Boston 2
TOP OF THE 3RD
Cleveland Indians batting - Pitching for Boston Red Sox : RHP Noah Syndergaard
Batting: RHB Jung-ho Kang 0-0: Ball
1-0: Called Strike
1-1: Called Strike
1-2: Foul Ball, location: 2F
1-2: Strikes out swinging
Batting: LHB Jacoby Ellsbury 0-0: Foul Ball, location: 2F
0-1: Bunt - Flyout to 13S! F1
Batting: LHB Matt Carpenter 0-0: Foul Ball, location: 2F
0-1: Ball
1-1: Ball
2-1: Fly out, F8 (Flyball, 8RM)
Top of the 3rd over - 0 runs, 0 hits, 0 errors, 0 left on base; Cleveland 1 - Boston 2
BOTTOM OF THE 3RD
Boston Red Sox batting - Pitching for Cleveland Indians : LHP Drew Pomeranz
Batting: RHB Eduardo Nunez 0-0: Called Strike
0-1: Fly out, F9 (Flyball, 9D)
Batting: LHB Derek Dietrich 0-0: Fly out, F7 (Flyball, 7)
Batting: RHB Yasiel Puig 0-0: Ball
1-0: Foul Ball, location: 2F
1-1: Ground out 6-3 (Groundball, 6)
Bottom of the 3rd over - 0 runs, 0 hits, 0 errors, 0 left on base; Cleveland 1 - Boston 2
TOP OF THE 4TH
Cleveland Indians batting - Pitching for Boston Red Sox : RHP Noah Syndergaard
Batting: SHB Jose Ramirez 0-0: Called Strike
0-1: Fly out, F8 (Flyball, 8LD)
Batting: LHB Eric Hosmer 0-0: Fly out, F8 (Flyball, 78M)
Batting: LHB Matt Joyce 0-0: Called Strike
0-1: Ball
1-1: Foul Ball, location: 2F
1-2: Strikes out swinging
Top of the 4th over - 0 runs, 0 hits, 0 errors, 0 left on base; Cleveland 1 - Boston 2
BOTTOM OF THE 4TH
Boston Red Sox batting - Pitching for Cleveland Indians : LHP Drew Pomeranz
Batting: RHB Travis d'Arnaud 0-0: Ball
1-0: Fly out, F4 (Flyball, 4MD)
Batting: SHB Yangervis Solarte 0-0: Ball
1-0: Swinging Strike
1-1: Ball
2-1: Ball
3-1: Swinging Strike
3-2: Fly out, F8 (Flyball, 89D)
Batting: RHB Cesar Puello 0-0: Foul Ball, location: 2F
0-1: Ball
1-1: Ball
2-1: Foul Ball, location: 2F
2-2: Strikes out looking
Bottom of the 4th over - 0 runs, 0 hits, 0 errors, 0 left on base; Cleveland 1 - Boston 2
TOP OF THE 5TH
Cleveland Indians batting - Pitching for Boston Red Sox : RHP Noah Syndergaard
Batting: RHB Steven Souza Jr. 0-0: Foul Ball, location: 2F
0-1: Swinging Strike
0-2: Strikes out swinging
Batting: LHB Christian Yelich 0-0: Ball
1-0: Fly out, F8 (Flyball, 8RXD)
Batting: LHB Brian McCann 0-0: Ball
1-0: Ball
2-0: Ground out 3-1 (Groundball, 3D)
Top of the 5th over - 0 runs, 0 hits, 0 errors, 0 left on base; Cleveland 1 - Boston 2
BOTTOM OF THE 5TH
Boston Red Sox batting - Pitching for Cleveland Indians : LHP Drew Pomeranz
Batting: LHB Matt Adams 0-0: Swinging Strike
0-1: Called Strike
0-2: Ball
1-2: Foul Ball, location: 2F
1-2: Foul Ball, location: 2F
1-2: Strikes out swinging
Batting: LHB Brock Holt 0-0: SINGLE (Groundball, 6D)
Batting: LHB Jackie Bradley Jr. 0-0: Called Strike
0-1: Called Strike
0-2: Grounds into double play, 6-4-3 (Groundball, 6)
Bottom of the 5th over - 0 runs, 1 hit, 0 errors, 0 left on base; Cleveland 1 - Boston 2
TOP OF THE 6TH
Cleveland Indians batting - Pitching for Boston Red Sox : RHP Noah Syndergaard
Batting: RHB Jung-ho Kang 0-0: Swinging Strike
0-1: Called Strike
0-2: Ball
1-2: Strikes out swinging, 2-3 out at first.
Batting: LHB Jacoby Ellsbury 0-0: Ball
1-0: Called Strike
1-1: Foul Ball, location: 2F
1-2: Ball
2-2: Ball
3-2: Ground out 6-3 (Groundball, 6M)
Batting: LHB Matt Carpenter 0-0: Ball
1-0: Called Strike
1-1: Foul Ball, location: 2F
1-2: Fly out, F4 (Popup, 3DF)
Top of the 6th over - 0 runs, 0 hits, 0 errors, 0 left on base; Cleveland 1 - Boston 2
BOTTOM OF THE 6TH
Boston Red Sox batting - Pitching for Cleveland Indians : LHP Drew Pomeranz
Batting: RHB Eduardo Nunez 0-0: Ball
1-0: Called Strike
1-1: Called Strike
1-2: SINGLE (Groundball, 5L)
Batting: LHB Derek Dietrich 0-0: Called Strike
0-1: Ball
1-1: Called Strike
1-2: Ball
2-2: Ball
3-2: Hit by Pitch
Eduardo Nunez to second
Batting: RHB Yasiel Puig 0-0: Ball
1-0: Fly out, F8 (Flyball, 78S)
Batting: RHB Travis d'Arnaud 0-0: Called Strike
0-1: Ball
Eduardo Nunez steals 3rd base
1-1: Fly out, F5 (Popup, 56S)
Batting: SHB Yangervis Solarte 0-0: Ball
1-0: Swinging Strike
1-1: Foul Ball, location: 2F
1-2: Fielders Choice at 2nd, U4 (Groundball, 4M)
Bottom of the 6th over - 0 runs, 1 hit, 0 errors, 2 left on base; Cleveland 1 - Boston 2
TOP OF THE 7TH
Cleveland Indians batting - Pitching for Boston Red Sox : RHP Noah Syndergaard
Batting: SHB Jose Ramirez 0-0: Called Strike
0-1: Called Strike
0-2: Ball
1-2: Strikes out swinging
Batting: LHB Eric Hosmer 0-0: Called Strike
0-1: Ground out 6-3 (Groundball, 4)
Batting: LHB Matt Joyce 0-0: Foul Ball, location: 2F
0-1: DOUBLE (Line Drive, 9LD)
Batting: RHB Steven Souza Jr. 0-0: Called Strike
0-1: Ball
1-1: Ball
2-1: Foul Ball, location: 2F
2-2: Ball
3-2: Strikes out swinging
Top of the 7th over - 0 runs, 1 hit, 0 errors, 1 left on base; Cleveland 1 - Boston 2
BOTTOM OF THE 7TH
Boston Red Sox batting - Pitching for Cleveland Indians : LHP Drew Pomeranz
Pitching: LHP Brian Duensing
Batting: RHB Cesar Puello 0-0: Ball
1-0: Foul Ball, location: 2F
1-1: Called Strike
1-2: SINGLE (Line Drive, 78S)
Batting: LHB Matt Adams 0-0: Foul Ball, location: 2F
0-1: Ball
1-1: Ball
2-1: Called Strike
2-2: Ball
3-2: Base on Balls
Cesar Puello to second
Pitching: LHP Zac Rosscup
Batting: LHB Brock Holt 0-0: Ball
1-0: Foul Ball, location: 2F
1-1: Fielders Choice at 2nd, 4-6 (Groundball, 4)
Cesar Puello to third
Batting: LHB Jackie Bradley Jr. 0-0: Ball
1-0: Called Strike
1-1: Ball
2-1: Called Strike
2-2: Ball
3-2: Strikes out looking
Brock Holt is caught stealing 2nd base 2-6
Batter strikes out.
Bottom of the 7th over - 0 runs, 1 hit, 0 errors, 1 left on base; Cleveland 1 - Boston 2
TOP OF THE 8TH
Cleveland Indians batting - Pitching for Boston Red Sox : RHP Noah Syndergaard
Batting: LHB Christian Yelich 0-0: Called Strike
0-1: Ball
1-1: SINGLE (Line Drive, 34D)
Batting: LHB Brian McCann 0-0: Ball
1-0: Foul Ball, location: 2F
1-1: Swinging Strike
1-2: Ball
Passed Ball!
Christian Yelich to second
2-2: SINGLE (Groundball, 4D)
Christian Yelich to third
Runner from 3rd tries for Home, SAFE, throw by CF to home
Batting: RHB Jung-ho Kang 0-0: Called Strike
0-1: Ball
1-1: Ball
2-1: Grounds into double play, 6-4-3 (Groundball, 56)
Batting: LHB Jacoby Ellsbury 0-0: Called Strike
0-1: Called Strike
0-2: Ball
1-2: Ball
2-2: Strikes out swinging, 2-3 out at first.
Top of the 8th over - 1 run, 2 hits, 0 errors, 0 left on base; Cleveland 2 - Boston 2
BOTTOM OF THE 8TH
Boston Red Sox batting - Pitching for Cleveland Indians : LHP Zac Rosscup
Pitching: RHP Hector Rondon
Batting: RHB Eduardo Nunez 0-0: SINGLE (Line Drive, 6MD)
Batting: LHB Derek Dietrich 0-0: Called Strike
0-1: Foul Ball, location: 2F
0-2: Strikes out looking
Batting: RHB Yasiel Puig 0-0: Ball
1-0: Called Strike
1-1: Foul Ball, location: 2F
1-2: Ball
2-2: Foul Ball, location: 2F
2-2: Foul Ball, location: 2F
2-2: Grounds into double play, 6-4-3 (Groundball, 6)
Bottom of the 8th over - 0 runs, 1 hit, 0 errors, 0 left on base; Cleveland 2 - Boston 2
TOP OF THE 9TH
Cleveland Indians batting - Pitching for Boston Red Sox : RHP Noah Syndergaard
Pitching: RHP Edwin Diaz
Batting: LHB Matt Carpenter 0-0: Ball
1-0: Foul Ball, location: 2F
1-1: Ball
2-1: Ball
3-1: Foul Ball, location: 2F
3-2: Base on Balls
Batting: SHB Jose Ramirez 0-0: Ball
1-0: Swinging Strike
1-1: Grounds into double play, 6-4-3 (Groundball, 6)
Batting: LHB Eric Hosmer 0-0: Called Strike
0-1: Foul Ball, location: 2F
0-2: Foul Ball, location: 2F
0-2: Strikes out looking
Top of the 9th over - 0 runs, 0 hits, 0 errors, 0 left on base; Cleveland 2 - Boston 2
BOTTOM OF THE 9TH
Boston Red Sox batting - Pitching for Cleveland Indians : RHP Hector Rondon
Batting: RHB Travis d'Arnaud 0-0: Foul Ball, location: 2F
0-1: Swinging Strike
0-2: Ball
1-2: Ball
2-2: Fly out, F9 (Flyball, 9D)
Batting: SHB Yangervis Solarte 0-0: Called Strike
0-1: Ball
1-1: Ball
2-1: DOUBLE (Line Drive, 7LM)
Batting: RHB Cesar Puello 0-0: Ball
Passed Ball!
Yangervis Solarte to third
1-0: Ball
2-0: Ground out 4-3 (Groundball, 34)
Pitching: RHP Evan Marshall
Batting: LHB Matt Adams 0-0: Ball
1-0: Ball
2-0: Ball
3-0: Called Strike
3-1: SINGLE (Groundball, 4S) (infield hit)
Yangervis Solarte scores
Thursday, November 1st, 2018 - OOTP Baseball 19.8 Build 79